Map: Winter Madness LE

Players

TheBatman - Winner!

  • Race: Terran Terran
  • League: Diamond
  • Spawn Location: 11:00

HoldTheDoor

  • Race: Protoss Protoss
  • League: Diamond
  • Spawn Location: 5:00

VOD

Have the link to the VOD?

Description

Time

  • Played on: May 11, 2026, 1:11 p.m.
  • Length: 4:13
Show
View Real Time Build Order
Export as new Build Order

TheBatman Terran - Winner!

Build Orders:  

Get SALT Encoding   

  12  0:00  SCV  
  13  0:13  SCV  
  14  0:25  SCV, Supply Depot  
  15  0:48  Refinery  
  15  0:52  Barracks  
  15  0:59  SCV  
  16  1:08  Barracks  
  16  1:11  SCV  
  17  1:27  SCV  
  17  1:28  Supply Depot  
  18  1:36  Supply Depot  
  18  1:42  Barracks Tech Lab  
  17  2:03  Marauder  
  19  2:16  Barracks Tech Lab  
  19  2:19  Orbital Command  
  19  2:25  Marauder, Refinery  
  21  2:36  Marauder  
  23  2:50  Marauder  
  23  2:58  Marauder  
  25  3:12  Marauder  
  27  3:15  SCV  
  28  3:25  Marauder  
  24  3:36  Marauder  
  26  3:47  Marauder  
  26  3:48  SCV  
  29  4:00  SCV  
Show
View Real Time Build Order
Export as new Build Order

HoldTheDoor Protoss 

Build Orders:  

Get SALT Encoding   

  12  0:00  Probe  
  13  0:12  Probe  
  14  0:22  Pylon  
  14  0:24  Probe  
  15  0:40  Probe  
  15  0:41  Forge  
  16  0:52  Probe  
  17  0:58  Pylon  
  17  1:04  Probe  
  18  1:16  Pylon  
  18  1:22  Photon Cannon  
  18  1:26  Photon Cannon  
  18  1:32  Probe  
  18  2:05  Probe  
  19  2:19  Photon Cannon  
  19  2:20  Gateway  
  19  2:22  Assimilator  
  19  2:24  Probe  
  19  2:27  Assimilator  
  20  2:31  Pylon  
  20  2:38  Probe  
  21  3:07  Photon Cannon  
  20  3:29  Probe  
  20  3:35  Zealot  
  20  3:40  Cybernetics Core  
  19  3:41  Probe  
  22  3:53  Probe  
  21  4:04  Photon Cannon  
  21  4:05  Photon Cannon  
Tags
 
Add a new tag
Caveats
  • Supply blocks, unpowered buildings, or Contaminate may cause inaccurate times.
  • Supply counts are checked every 10 seconds.